 Dungeon Crawl Stone Soup version 0.21.1-1-g345015f (webtiles) character file.

86 Fang the Skirmisher (level 4, -2/43 HPs)
             Began as a Gargoyle Berserker on May 9, 2018.
             Was a Believer of Trog.
             Slain by a gnoll
             ... wielding a +4 flail
              (7 damage)
             ... on level 2 of the Dungeon.
             The game lasted 00:01:52 (1527 turns).

Fang the Skirmisher (Gargoyle Berserker)            Turns: 1527, Time: 00:01:53

Health: -2/43      AC:  5    Str: 27    XL:     4   Next: 49%
Magic:  4/4        EV: 12    Int:  7    God:    Trog [**....]
Gold:   129        SH:  0    Dex:  9    Spells: 3/3 levels left

rFire    . . .     SeeInvis .   a - +0 hand axe
rCold    . . .     Gourm    .   (no shield)
rNeg     + . .     Faith    .   b - +0 animal skin
rPois    ∞         Spirit   .   (no helmet)
rElec    +         Reflect  .   (no cloak)
rCorr    .         Harm     .   (no gloves)
MR       .....                  (no boots)
Stlth    ..........             (no amulet)
HPRegen  0.14/turn              (no ring)
MPRegen  0.09/turn              (no ring)

@: berserking (expiring), very quick
A: negative energy resistance 1, electricity resistance, unbreathing,
petrification resistance, rot immunity, AC +3
a: Berserk, Trog's Hand, Burn Spellbooks, Renounce Religion


You were on level 2 of the Dungeon.
You worshipped Trog.
Trog was pleased with you.
You were very hungry.

You visited 1 branch of the dungeon, and saw 2 of its levels.

You collected 129 gold pieces.

Inventory:

Hand Weapons
 a - a +0 hand axe (weapon)
Armour
 b - a +0 animal skin (worn)
Scrolls
 d - a scroll of teleportation {unknown}
 e - a scroll of identify {unknown}
 h - a scroll of remove curse {unknown}
 j - a scroll of amnesia {unknown}
 m - a scroll of immolation {unknown}
Potions
 f - a potion of heal wounds {unknown}
 g - a potion of flight {unknown}
 i - a potion of lignification {unknown}
 k - a potion of degeneration {unknown}
 l - a potion of curing {unknown}
Comestibles
 c - 2 rations


   Skills:
 + Level 4.1 Fighting
 + Level 3.6 Axes
 + Level 2.4 Armour
 + Level 2.1 Dodging
 + Level 0.8 Stealth


You had 3 spell levels left.
You didn't know any spells.

Dungeon Overview and Level Annotations

Branches:
Dungeon (2/15)

Altars:


Innate Abilities, Weirdness & Mutations

You are resistant to torment.
Your stone body is resilient. (AC +3)
You are immune to poison.
You resist negative energy. (rN+)
You are resistant to electric shocks. (rElec)
You can survive without breathing.
You are immune to petrification.
You are immune to rotting.


Message History

You closely miss the kobold. You closely miss the gnoll.
The kobold barely misses you.
The gnoll hits you with an enchanted flail.
The gnoll hits you from afar with a spear.
Unknown command.
You slash the kobold!
You kill the kobold!
Trog accepts your kill.
You slash the gnoll! The gnoll hits you but does no damage.
The gnoll hits you with an enchanted flail.
* * * LOW HITPOINT WARNING * * *
The gnoll hits you from afar with a spear.
* * * LOW HITPOINT WARNING * * *
The gnoll misses you.
You see here a kobold corpse.
Unknown command.
You feel a strong urge to attack something.
The gnoll barely misses you.
The gnoll hits you with an enchanted flail!
You die...

#..... #.....
#####.....
#.>....)..
#..##.##.. ######
##...#.##.. ###....#
##......####
#......####.......#
#.@†...(..........
#_#gg####.......####
..#gg## #.....(##
#...... ......##
#..#### ##.##.## ##.
#.##.# # ...#.#
#..#.# #..#.#


You could see 4 gnolls.

Vanquished Creatures
  A worker ant (D:2)
  2 adders (D:2)
  2 dart slugs (D:1)
  5 bats
  2 giant cockroaches
  4 goblins
  3 hobgoblins (D:2)
  5 jackals (D:2)
  6 kobolds
  A quokka (D:2)
  3 ball pythons (D:2)
  4 rats
38 creatures vanquished.

Notes
Turn   | Place    | Note
-------+----------+-------------------------------------------
     0 | D:1      | Fang the Gargoyle Berserker began the quest for the Orb.
     0 | D:1      | Reached XP level 1. HP: 14/14 MP: 1/1
   214 | D:1      | Reached XP level 2. HP: 19/19 MP: 2/2
   963 | D:2      | Reached XP level 3. HP: 15/24 MP: 3/3
  1024 | D:2      | Reached skill level 4 in Fighting
  1034 | D:2      | Reached XP level 4. HP: 19/29 MP: 4/4
  1285 | D:2      | Reached ** piety under Trog
  1518 | D:2      | Found a faded altar of an unknown god.
  1527 | D:2      | Slain by a gnoll

Skill      XL: |  1  2  3 |
---------------+----------+-----
Axes           | 3 |  3.6
Dodging        | 2 |  2.1
Fighting       | 4 |  4.1
Armour         | |  2.4
Stealth        | |  0.8

Action                   |  1- 3 |  4- 6 || total
-------------------------+-------+-------++-------
Melee: Hand axe          |    71 |    44 ||   115
Invok: Berserk           |     1 |     1 ||     2
 Stab: Sleeping          |     1 |     1 ||     2
  Eat: Chunk             |       |     3 ||     3
Armor: Animal skin       |    25 |    13 ||    38
Dodge: Dodged            |    60 |    43 ||   103
